 Dungeon Crawl Stone Soup version 0.30-a0-170-g85af917532 (webtiles) character file.

Game seed: 8571342940016128999

168335 qw the Severer (level 17, 0/108 HPs)
             Began as a Gargoyle Fighter on Sept 30, 2022.
             Was a High Priest of Okawaru.
             Slain by a jumping spider (6 damage)
             ... on level 2 of the Spider Nest.
             The game lasted 00:13:20 (36618 turns).

qw the Severer (Gargoyle Fighter)                  Turns: 36618, Time: 00:13:21

Health: 0/108      AC: 40    Str: 26    XL:     17   Next: 94%
Magic:  0/24       EV:  9    Int: 14    God:    Okawaru [*****.]
Gold:   1923       SH: 21    Dex: 20    Spells: 16/16 levels left

rFire   + . .      SeeInvis +    f - +2 broad axe (vamp)
rCold   + . .      Faith    .    u - +0 tower shield
rNeg    + . .      Spirit   .    B - +8 plate armour "Plog" {Contam Will+ Dex+4}
rPois   inf        Reflect  .    g - +2 helmet "Gyel" {Int+3 Dex+7}
rElec   +          Harm     .    r - scarf {rC+ rF+}
rCorr   .          Rampage  .    b - +2 pair of gloves {infuse}
Will    ++...                    n - +2 pair of boots
Stlth   ..........               E - amulet of regeneration
HPRegen 1.08/turn                i - +4 ring of slaying {mikee}
MPRegen 0.19/turn                k - ring of see invisible

@: about to teleport, corroded, flying
A: sickness immunity, AC +12, big wings, negative energy resistance 1,
electricity resistance, torment resistance 1, petrification resistance,
iridescent scales 1
a: Renounce Religion, Heroism, Finesse, Duel


You were on level 2 of the Spider Nest.
You worshipped Okawaru.
Okawaru was extremely pleased with you.
You visited 6 branches of the dungeon, and saw 28 of its levels.
You visited the Abyss 2 times.
You also visited: Ossuary and Gauntlet.

You collected 2622 gold pieces.
You spent 699 gold pieces at shops.


Innate Abilities, Weirdness & Mutations

You are immune to sickness and miasma.
Your stone body is resilient. (AC +12)
You are immune to poison.
Your large and strong wings let you fly.
You resist negative energy. (rN+)
You are resistant to electric shocks. (rElec)
You are resistant to unholy torment.
You are immune to petrification.
You are partially covered in iridescent scales. (AC +2)


   Skills:
 - Level 13.0 Fighting
 + Level 17.7 Axes
 - Level 7.0 Throwing
 - Level 12.0 Armour
 - Level 6.0 Dodging
 - Level 17.4 Shields
 - Level 10.0 Invocations


You had 16 spell levels left.
You didn't know any spells.
Your spell library was empty.

Inventory:

Hand Weapons
 f - a +2 vampiric broad axe (weapon)
 p - a +0 morningstar
Missiles
 j - a silver boomerang
 l - 6 javelins (quivered)
 x - 10 boomerangs
Armour
 b - a +2 pair of gloves of infusion (worn)
 g - the +2 helmet "Gyel" (worn) {Int+3 Dex+7}
   (Okawaru gifted it to you on level 5 of the Lair of Beasts)

   Int:       It affects your intelligence (+3).
   Dex:       It affects your dexterity (+7).
 n - a +2 pair of boots (worn)
 r - a scarf of resistance (worn)
 t - a +0 cloak
 u - a +0 tower shield (worn)
 B - the +8 plate armour "Plog" (worn) {Contam Will+ Dex+4}
   (You found it on level 3 of the Lair of Beasts)

   Dex:       It affects your dexterity (+4).
   Contam:    It causes magical contamination when unequipped.
   Will:      It increases your willpower.
Jewellery
 i - a +4 ring of slaying (left hand) {mikee}
 k - a ring of see invisible (right hand)
 m - a +4 ring of evasion
 y - a ring of protection from fire
 C - a ring of protection from fire
 D - a ring of ice
 E - an amulet of regeneration (around neck)
Scrolls
 e - 18 scrolls of identify
 o - 21 scrolls of teleportation
Potions
 a - 4 potions of heal wounds
 c - 10 potions of curing
 d - 4 potions of might
 h - 4 potions of haste
 q - 4 potions of attraction
 s - 5 potions of lignification
 v - 2 potions of cancellation
 w - 3 potions of magic
 z - 2 potions of resistance
 A - 11 potions of mutation

Dungeon Overview and Level Annotations

Branches:
Dungeon (15/15)            Temple (1/1) D:5            Lair (5/5) D:9
  Swamp (3/4) Lair:3       Spider (2/4) Lair:2        Slime (0/5) Lair:4
    Orc (2/2) D:10            Elf (0/3) Orc:2        Vaults (0/5) D:14
 Depths (0/4) D:15        Ossuary (visited)         Gauntlet (visited)

Altars:
Ashenzari
Cheibriados
Dithmenos
Elyvilon
Fedhas
Gozag
Hepliaklqana
Kikubaaqudgha
Makhleb
Nemelex Xobeh
Okawaru
Qazlal
Ru
Sif Muna
Trog
Uskayaw
Vehumet
Wu Jian
Xom
Yredelemnul
Zin
The Shining One
Jiyva
Lugonu

Shops:
D:4 ?   Orc:2 *(([

Portals:
Abyss: Lair:5
Trove: D:13 (give 2 scrolls of acquirement)

Annotations:
D:1 1 runed translucent door
D:5 2 transporters, qw's ghost, novice GrFi
D:9 2 transporters
D:13 3 runed translucent doors, qw's ghost, journeyman GrFi
D:15 1 runed translucent door
Swamp:1 2 transporters, Gokhumny's ghost, adept GnFi


Message History

A redback comes into view.
You block the jumping spider's attack.
The jumping spider bites you but does no damage.
The jumping spider is healed somewhat.
The jumping spider misses you.
The jumping spider bites you but does no damage.
A radroach comes into view.
A culicivora comes into view.
The tarantella's many legs skitter faintly.
You slice the wolf spider!!
The wolf spider is almost dead.
You closely miss the redback. You slice the wolf spider!!
You slash the culicivora!
You feel better.
You completely miss the redback.
You hit the jumping spider but do no damage.
You hit the jumping spider. You block the wolf spider's attack.
The wolf spider bites you but does no damage.
You block the jumping spider's attack.
The jumping spider completely misses you.
The demonic crawler shrieks in warning! x2
You block the jumping spider's attack. x2; The culicivora barely misses you.
The jumping spider leaps!
The redback barely misses you. The wolf spider hits you!!
The wolf spider barely misses you.
The wolf spider hits you but does no damage.
The wolf spider closely misses you.
The boulder beetle leaps!
36618 ||| READING 22 scrolls of teleportation.
As you read the scroll of teleportation, it crumbles to dust.
You feel strangely unstable. The wolf spider hits you!
You block the wolf spider's attack.
The jumping spider completely misses you.
You block the jumping spider's attack.
The jumping spider leaps!
You block the jumping spider's attack. x2
The culicivora bites you but does no damage.
The jumping spider leaps!
The redback bites you but does no damage.
A jumping spider comes into view.
The wolf spider hits you but does no damage.
The wolf spider completely misses you. The wolf spider barely misses you.
The wolf spider bites you but does no damage.
The jumping spider pounces on you but does no damage.
The jumping spider bites you.
You die... ## .#.## .$..# . #... #..#.^### s#. #..#.sZ# #sss.

#..#...0ss#sss#
#...#[$ss@ss#
?...#.#Bssss#
......#sswss#
##.#..#Zssss#
......ss#wBs# ..
..#..#.#Zss#^Z..
#B.?..%...B.#
##....<%.#Z.#
#..0#w...# #


You could see a radroach, an entropy weaver, 2 steelbarb worms, 3 demonic
crawlers, 2 wolf spiders, an orb spider (charged), 4 culicivoras, a pharaoh ant,
8 jumping spiders, 3 tarantellas, 10 redbacks, a jumping spider simulacrum, a
redback simulacrum, a moth of wrath simulacrum and a jorogumo simulacrum.

Vanquished Creatures
  Saint Roka (Orc:2)
  Mlioglotl (Swamp:2)
  2 tentacled starspawn (Abyss:2)
  Donald (Swamp:3)
  2 emperor scorpions (Spider:1)
  2 ghost moths (Spider:1)
  A very ugly thing (D:15)
  A broodmother (Spider:2)
  3 eleionomae
  7 starcursed masses (Abyss:2)
  A bunyip (Swamp:2)
  A minotaur (Gauntlet)
  A spark wasp (Spider:1)
  A dire elephant (Lair:3)
  An ettin (Orc:2)
  A fire dragon (Lair:1)
  Harold (D:11)
  11 hydras
  4 vault guards (D:14)
  5 boulder beetles
  3 catoblepae (D:13)
  A jorogumo (Spider:2)
  Erica (D:10)
  A ghost crab (Swamp:1)
  5 alligators
  A death scarab (Spider:1)
  6 centaur warriors
  6 two-headed ogres
  5 death yaks
  A tengu warrior (D:14)
  A shock serpent (shapeshifter) (D:15)
  4 thrashing horrors
  An orc high priest (Orc:2)
  A fire crab (shapeshifter) (D:14)
  A wretched star (Abyss:2)
  6 pharaoh ants
  8 goliath frogs
  A sixfirhy (Abyss:2)
  3 skeletal warriors (D:12)
  A death drake (Swamp:2)
  3 swamp dragons
  3 glowing orange brains
  3 spriggan druids
  3 orb spiders (Spider:1)
  3 steelbarb worms (Spider:1)
  2 wizards (D:14)
  Pikel (D:6)
  2 orc knights
  2 necromancers (D:14)
  7 wolf spiders
  2 will-o-the-wisps
  4 deep elf pyromancers
  2 oklob plants (Lair:2)
  A manticore (D:11)
  6 orc sorcerers
  2 moths of wrath (Spider:2)
  15 ugly things
  4 worldbinders
  8 cyclopes
  8 elephants
  6 black mambas
  An eye of devastation (Abyss:2)
  An apocalypse crab (Abyss:2)
  3 smoke demons (Lair:5)
  12 cane toads
  3 gargoyles
  6 torpor snails
  2 demonic crawlers
  2 efreet
  4 rime drakes
  2 kobold demonologists
  A tengu conjurer (D:14)
  10 komodo dragons
  3 ancient zymes
  3 meliai (D:12)
  13 hornets
  3 polar bears
  10 slime creatures
  2 bloated husks (Swamp:3)
  A queen bee (D:12)
  7 trolls
  6 tarantellas
  9 tyrant leeches
  7 raiju (Abyss:2)
  27 blink frogs
  A dream sheep (Lair:3)
  A centaur simulacrum (D:15)
  2 flying skulls (Abyss:2)
  9 jumping spiders
  An ettin skeleton (Abyss:2)
  12 spriggans
  A spriggan (shapeshifter) (Lair:5)
  6 wyverns
  3 ynoxinuls (Lair:5)
  A wraith (D:12)
  7 culicivoras
  A water elemental (D:11)
  A shadow (D:9)
  11 basilisks
  3 chaos spawn
  3 large abominations (Abyss:2)
  36 yaks
  17 humans (D:14)
  A neqoxec (Abyss:2)
  4 vampire mosquitoes (D:14)
  A steam dragon (D:10)
  22 redbacks
  2 wargs (Orc:2)
  3 acid dragons
  18 swamp worms
  20 water moccasins
  2 swamp drakes
  32 orc warriors
  3 ice beasts
  4 sky beasts
  4 black bears
  10 wolves
  8 ogres
  A boggart (Gauntlet)
  4 centaurs
  4 lemures (D:6)
  2 kobold brigands
  2 gnoll sergeants
  11 bullfrogs
  A necrophage (D:6)
  2 earth elementals (Abyss:2)
  6 scorpions
  9 wights
  46 killer bees
  5 howler monkeys
  An electric eel (D:11)
  A quasit (Abyss:2)
  7 jellies
  5 hounds
  An iron imp (Abyss:2)
  10 orc priests
  16 small abominations
  4 iguanas
  14 orc wizards
  9 mummies
  7 gnolls
  9 adders
  A shadow imp (Abyss:2)
  2 white imps
  An ufetubus (D:6)
  A dart slug (D:2)
  70 orcs
  2 bats
  10 endoplasms
  2 giant cockroaches
  8 goblins
  7 hobgoblins
  6 jackals
  8 quokkas
  8 ball pythons
  3 frilled lizards
  2 hobgoblin zombies (Ossuary)
  20 kobolds
  5 kobold zombies (Ossuary)
  An orc zombie (Ossuary)
  6 rats
  3 starspawn tentacles (Abyss:2)
923 creatures vanquished.

Vanquished Creatures (others)
  A thrashing horror (Lair:5)
  A blink frog (Lair:5)
  A jumping spider (Spider:2)
  A wolf (Lair:2)
  An orc priest (Orc:2)
  6 foxfires
  24 fungi
  65 plants
  2 starspawn tentacles (Abyss:2)
102 creatures vanquished.

Grand Total: 1025 creatures vanquished

Notes
Turn   | Place    | Note
-------+----------+-------------------------------------------
     0 | D:1      | qw the Gargoyle Fighter began the quest for the Orb.
     0 | D:1      | Reached XP level 1. HP: 14/14 MP: 1/1
     0 | D:1      | 0 ||| qw: Version: 0.2-a-12-gaebbb33
     0 | D:1      | 0 ||| qw: Game counter: 1554
     0 | D:1      | 0 ||| qw: Always use a shield: true
     0 | D:1      | 0 ||| qw: God list: Okawaru
     0 | D:1      | 0 ||| qw: Allow faded altars: false
     0 | D:1      | 0 ||| qw: Do Orc after D:15 true
     0 | D:1      | 0 ||| qw: Do second Lair branch before Depths: true
     0 | D:1      | 0 ||| qw: Lair rune preference: random
     0 | D:1      | 0 ||| qw: Plans: Normal, Zot:1-4, God:TSO, Crypt, Tomb,
                  | Pan, Slime:5, Hells, Abyss, Orb
     0 | D:1      | 0 ||| PLANNING D:1-11
     1 | D:1      | Found a runed translucent door.
   308 | D:1      | Reached XP level 2. HP: 19/19 MP: 2/2
   696 | D:1      | Reached skill level 3 in Axes
   704 | D:1      | 704 ||| Stepping ~*~*~tactically~*~*~ (stealth).
   706 | D:1      | 706 ||| Stepping ~*~*~tactically~*~*~ (stealth).
   708 | D:1      | 708 ||| Stepping ~*~*~tactically~*~*~ (stealth).
   776 | D:1      | 776 ||| UPGRADING to +0 plate armour.
   786 | D:1      | 786 ||| DROPPING +0 scale mail.
   787 | D:1      | 787 ||| UPGRADING to +1 hat.
   792 | D:1      | 792 ||| READING scroll labelled VINEOTTOSUR.
   793 | D:1      | 793 ||| READING scroll labelled LEKKUZ HUROPRU.
   794 | D:1      | 794 ||| READING scroll labelled FIBLE XOT BU WOZ.
   864 | D:2      | Reached XP level 3. HP: 20/23 MP: 3/3
  1000 | D:2      | 1000 ||| Stepping ~*~*~tactically~*~*~ (stealth).
  1007 | D:2      | 1007 ||| Stepping ~*~*~tactically~*~*~ (stealth).
  1053 | D:2      | Found a faded altar of an unknown god.
  1266 | D:2      | 1266 ||| DROPPING +0 club.
  1626 | D:2      | 1626 ||| UPGRADING to +4 ring of slaying {mikee}.
  1627 | D:2      | 1627 ||| READING scroll labelled MEMYGGAS NIULL.
  1628 | D:2      | 1628 ||| READING scroll labelled SUOXIAR OROAPN.
  1629 | D:2      | 1629 ||| DRINKING 2 dark potions.
  1630 | D:2      | 1630 ||| DROPPING potion of brilliance.
  1704 | D:3      | Noticed a sky beast
  1710 | D:3      | Killed a sky beast
  1711 | D:3      | Reached XP level 4. HP: 28/28 MP: 4/4
  1711 | D:3      | Reached XP level 5. HP: 32/32 MP: 5/5
  1981 | D:3      | 1981 ||| Stepping ~*~*~tactically~*~*~ (stealth).
  1989 | D:3      | 1989 ||| Stepping ~*~*~tactically~*~*~ (hiding).
  2171 | D:3      | 2171 ||| DROPPING +0 whip.
  2247 | D:3      | Found a white marble altar of Elyvilon.
  2403 | D:3      | Identified the +3 chain mail of a ziggurat {Fly rN+ Will+
                  | Int+3}
  2540 | D:3      | 2540 ||| UPGRADING to +1 pair of gloves of infusion.
  2545 | D:3      | 2545 ||| UPGRADING to +3 chain mail of a ziggurat {Fly rN+
                  | Will+ Int+3}.
  2555 | D:3      | 2555 ||| READING 3 scrolls labelled KYGEUHEECA.
  2556 | D:3      | 2556 ||| DROPPING 2 scrolls of amnesia.
  2572 | D:4      | 2572 ||| PLANNING OSSUARY
  2608 | D:4      | Found Kikhotiu's Magic Scroll Emporium.
  2612 | D:4      | Reached XP level 6. HP: 39/39 MP: 3/6
  2647 | D:4      | 2647 ||| BUYING scroll of identify (22 gold).
  2647 | D:4      | Bought a scroll of identify for 22 gold pieces
  2647 | D:4      | 2647 ||| BUYING scroll of identify (22 gold).
  2647 | D:4      | Bought a scroll of identify for 22 gold pieces
  2647 | D:4      | 2647 ||| BUYING scroll of teleportation (33 gold).
  2647 | D:4      | Bought a scroll of teleportation for 33 gold pieces
  2647 | D:4      | 2647 ||| BUYING scroll of teleportation (33 gold).
  2647 | D:4      | Bought a scroll of teleportation for 33 gold pieces
  2692 | D:4      | 2692 ||| Stepping ~*~*~tactically~*~*~ (hiding).
  2693 | D:4      | 2693 ||| Stepping ~*~*~tactically~*~*~ (hiding).
  2776 | D:4      | Found a sand-covered staircase.
  2777 | D:4      | 2777 ||| FLEEEEING.
  2780 | D:4      | 2780 ||| FLEEEEING.
  2783 | D:4      | 2783 ||| FLEEEEING.
  2784 | D:4      | 2784 ||| FLEEEEING.
  2785 | D:4      | 2785 ||| FLEEEEING.
  2786 | D:4      | 2786 ||| FLEEEEING.
  2787 | D:4      | 2787 ||| FLEEEEING.
  2788 | D:4      | 2788 ||| FLEEEEING.
  2798 | D:4      | 2798 ||| UPGRADING to +0 kite shield.
  2808 | D:4      | 2808 ||| FLEEEEING.
  2809 | D:4      | 2809 ||| FLEEEEING.
  2810 | D:4      | 2810 ||| FLEEEEING.
  2820 | D:4      | 2820 ||| DROPPING +0 buckler.
  2821 | D:4      | 2821 ||| READING 3 scrolls of identify.
  2821 | D:4      | 2821 ||| IDENTIFYING fizzy silvery potion
  2822 | D:4      | 2822 ||| READING 2 scrolls of identify.
  2822 | D:4      | 2822 ||| IDENTIFYING coppery potion
  2823 | D:4      | 2823 ||| DROPPING potion of flight.
  2828 | D:4      | 2828 ||| FLEEEEING.
  2829 | D:4      | 2829 ||| FLEEEEING.
  2830 | D:4      | 2830 ||| FLEEEEING.
  2831 | D:4      | 2831 ||| FLEEEEING.
  2832 | D:4      | 2832 ||| FLEEEEING.
  2833 | D:4      | 2833 ||| FLEEEEING.
  2834 | D:4      | 2834 ||| FLEEEEING.
  2835 | D:4      | 2835 ||| FLEEEEING.
  2836 | D:4      | 2836 ||| FLEEEEING.
  2837 | D:4      | 2837 ||| FLEEEEING.
  2838 | D:4      | 2838 ||| FLEEEEING.
  2839 | D:4      | 2839 ||| FLEEEEING.
  2852 | D:4      | 2852 ||| FLEEEEING.
  2853 | D:4      | 2853 ||| FLEEEEING.
  2854 | D:4      | 2854 ||| FLEEEEING.
  2863 | D:4      | 2863 ||| STAIRDANCE
  2871 | D:4      | 2871 ||| FLEEEEING.
  2873 | D:4      | 2873 ||| FLEEEEING.
  2875 | D:4      | 2875 ||| STAIRDANCE
  2880 | D:4      | 2880 ||| FLEEEEING.
  2881 | D:4      | 2881 ||| STAIRDANCE
  2885 | D:4      | 2885 ||| STAIRDANCE
  2891 | D:4      | 2891 ||| STAIRDANCE
  3044 | Ossuary  | Entered an ossuary
  3325 | Ossuary  | 3325 ||| READING scroll labelled SUWEMI PETU.
  3326 | Ossuary  | 3326 ||| DRINKING 2 inky potions.
  3327 | Ossuary  | 3327 ||| DRINKING 2 viscous golden potions.
  3328 | Ossuary  | 3328 ||| DRINKING 2 viscous red potions.
  3329 | Ossuary  | 3329 ||| DROPPING potion of invisibility.
  3330 | Ossuary  | 3330 ||| DROPPING potion of degeneration.
  3356 | D:4      | 3356 ||| PLANNING D:1-11
  3426 | D:4      | Reached XP level 7. HP: 39/44 MP: 5/7
  3429 | D:4      | 3429 ||| Stepping ~*~*~tactically~*~*~ (stealth).
  3433 | D:4      | 3433 ||| Stepping ~*~*~tactically~*~*~ (stealth).
  3448 | D:4      | 3448 ||| Stepping ~*~*~tactically~*~*~ (stealth).
  3758 | D:4      | 3758 ||| STAIRDANCE
  3770 | D:3      | 3770 ||| UPGRADING to ring of protection from fire.
  3771 | D:3      | 3771 ||| READING scroll labelled INERUIBORI.
  3772 | D:3      | 3772 ||| DRINKING 2 white potions.
  3773 | D:3      | 3773 ||| DRINKING 2 fuming black potions.
  3797 | D:3      | 3797 ||| READING 2 scrolls of identify.
  3797 | D:3      | 3797 ||| IDENTIFYING black potion
  3798 | D:3      | 3798 ||| DROPPING potion of berserk rage.
  3864 | D:4      | Reached skill level 1 in Throwing
  4142 | D:5      | Entered Level 5 of the Dungeon
  4153 | D:5      | Reached skill level 6 in Axes
  4302 | D:5      | 4302 ||| FLEEEEING.
  4303 | D:5      | 4303 ||| FLEEEEING.
  4304 | D:5      | 4304 ||| FLEEEEING.
  4305 | D:5      | 4305 ||| FLEEEEING.
  4306 | D:5      | 4306 ||| FLEEEEING.
  4307 | D:5      | 4307 ||| FLEEEEING.
  4308 | D:5      | 4308 ||| FLEEEEING.
  4309 | D:5      | 4309 ||| FLEEEEING.
  4310 | D:5      | 4310 ||| FLEEEEING.
  4311 | D:5      | 4311 ||| FLEEEEING.
  4312 | D:5      | 4312 ||| FLEEEEING.
  4316 | D:5      | 4316 ||| FLEEEEING.
  4317 | D:5      | 4317 ||| FLEEEEING.
  4318 | D:5      | 4318 ||| STAIRDANCE
  4422 | D:5      | 4422 ||| STAIRDANCE
  4426 | D:4      | Reached skill level 6 in Shields
  4426 | D:4      | Reached XP level 8. HP: 48/48 MP: 5/8
  4452 | D:5      | 4452 ||| STAIRDANCE
  4482 | D:5      | 4482 ||| STAIRDANCE
  4504 | D:4      | 4504 ||| DROPPING +0 flail.
  4508 | D:5      | 4508 ||| STAIRDANCE
  4535 | D:5      | 4535 ||| STAIRDANCE
  4565 | D:5      | 4565 ||| STAIRDANCE
  4662 | D:5      | 4662 ||| FLEEEEING.
  4671 | D:5      | 4671 ||| FLEEEEING.
  4672 | D:5      | 4672 ||| STAIRDANCE
  4724 | D:5      | 4724 ||| Stepping ~*~*~tactically~*~*~ (hiding).
  4728 | D:5      | 4728 ||| Stepping ~*~*~tactically~*~*~ (stealth).
  4730 | D:5      | 4730 ||| Stepping ~*~*~tactically~*~*~ (stealth).
  4736 | D:5      | Reached skill level 1 in Dodging
  4748 | D:5      | 4748 ||| Stepping ~*~*~tactically~*~*~ (stealth).
  4778 | D:5      | Found a transporter.
  4916 | D:5      | Found a shimmering blue altar of Sif Muna.
  4974 | D:5      | Found a staircase to the Ecumenical Temple.
  4975 | D:5      | 4975 ||| PLANNING TEMPLE
  4975 | D:5      | 4975 ||| DROPPING ring of magical power.
  4976 | D:5      | 4976 ||| READING scroll labelled CONGIYRULI.
  4977 | D:5      | 4977 ||| READING 2 scrolls of identify.
  4977 | D:5      | 4977 ||| IDENTIFYING silvery potion
  4981 | Temple   | Entered the Ecumenical Temple
  4986 | Temple   | 4986 ||| PLANNING OKAWARU WORSHIP
  5075 | Temple   | Became a worshipper of Warmaster Okawaru
  5076 | Temple   | 5076 ||| PLANNING D:1-11
  5097 | D:5      | Noticed qw's ghost (novice GrFi)
  5103 | D:5      | Found a transporter.
  5390 | D:5      | 5390 ||| READING scroll of enchant weapon.
  5390 | D:5      | 5390 ||| ENCHANTING +1 spectral war axe.
  5453 | D:6      | 5453 ||| STAIRDANCE
  5663 | D:6      | You are sucked into a shaft and drop 1 floor!
  5664 | D:7      | 5664 ||| DROPPING ring of flight.
  5665 | D:7      | 5665 ||| READING 2 scrolls of identify.
  5665 | D:7      | 5665 ||| IDENTIFYING cyan potion
  5796 | D:6      | Noticed Pikel
  5815 | D:6      | Killed Pikel
  5815 | D:6      | Reached * piety under Okawaru
  5815 | D:6      | Reached ** piety under Okawaru
  5816 | D:6      | Reached XP level 9. HP: 40/54 MP: 0/9
  5945 | D:6      | Reached skill level 1 in Invocations
  6164 | D:6      | 6164 ||| INVOKING Heroism.
  6227 | D:6      | 6227 ||| INVOKING Heroism.
  6430 | D:6      | 6430 ||| READING 2 scrolls of identify.
  6430 | D:6      | 6430 ||| IDENTIFYING fuming green potion
  6490 | D:7      | 6490 ||| Stepping ~*~*~tactically~*~*~ (stealth).
  6492 | D:7      | 6492 ||| INVOKING Heroism.
  6494 | D:7      | 6494 ||| Stepping ~*~*~tactically~*~*~ (stealth).
  6501 | D:7      | Reached skill level 3 in Invocations
  6507 | D:7      | 6507 ||| INVOKING Heroism.
  6517 | D:7      | Reached skill level 6 in Fighting
  6597 | D:7      | 6597 ||| INVOKING Heroism.
  6627 | D:7      | 6627 ||| FLEEEEING.
  6755 | D:7      | Found a basalt altar of Yredelemnul.
  7297 | D:7      | 7297 ||| DRINKING 3 green potions.
  7297 | D:7      | Gained mutation: You are partially covered in iridescent
                  | scales. (AC +2) [potion of mutation]
  7298 | D:7      | 7298 ||| READING 2 scrolls of identify.
  7298 | D:7      | 7298 ||| IDENTIFYING lumpy black potion
  7459 | D:8      | Reached skill level 9 in Axes
  7459 | D:8      | Reached XP level 10. HP: 58/60 MP: 13/13
  7521 | D:8      | 7521 ||| Stepping ~*~*~tactically~*~*~ (hiding).
  7524 | D:8      | 7524 ||| INVOKING Heroism.
  7695 | D:8      | 7695 ||| Stepping ~*~*~tactically~*~*~ (stealth).
  7714 | D:8      | Found a sacrificial altar of Ru.
  7785 | D:8      | 7785 ||| Stepping ~*~*~tactically~*~*~ (stealth).
  8013 | D:8      | 8013 ||| DROPPING amulet of faith.
  8014 | D:8      | 8014 ||| READING scroll labelled WAUBAI QEULEM.
  8015 | D:8      | 8015 ||| READING 2 scrolls labelled NIBOIQ QURPH.
  8016 | D:8      | 8016 ||| DROPPING scroll of magic mapping.
  8045 | D:9      | 8045 ||| STAIRDANCE
  8048 | D:8      | Reached *** piety under Okawaru
  8102 | D:9      | 8102 ||| INVOKING Heroism.
  8193 | D:9      | Noticed a kobold demonologist
  8193 | D:9      | Noticed a kobold demonologist
  8197 | D:9      | Found a transporter.
  8199 | D:9      | Found a transporter.
  8203 | D:9      | 8203 ||| READING scroll of enchant armour.
  8203 | D:9      | 8203 ||| ENCHANTING +1 pair of gloves of infusion.
  8269 | D:9      | Noticed an orc high priest
  8277 | D:9      | Noticed a kobold demonologist
  8288 | D:9      | Noticed a kobold demonologist
  8289 | D:9      | Noticed a kobold demonologist
  8337 | D:9      | Found a bloodstained altar of Trog.
  8364 | D:9      | Found a staircase to the Lair.
  8371 | D:9      | 8371 ||| Stepping ~*~*~tactically~*~*~ (hiding).
  8374 | D:9      | 8374 ||| Stepping ~*~*~tactically~*~*~ (hiding).
  8375 | D:9      | 8375 ||| Stepping ~*~*~tactically~*~*~ (hiding).
  8399 | D:9      | Reached skill level 9 in Shields
  8454 | D:9      | 8454 ||| Stepping ~*~*~tactically~*~*~ (stealth).
  8456 | D:9      | 8456 ||| INVOKING Heroism.
  8468 | D:9      | Received a gift from Okawaru
  8538 | D:9      | 8538 ||| Stepping ~*~*~tactically~*~*~ (stealth).
  8983 | D:9      | 8983 ||| PLANNING LAIR
  8983 | D:9      | 8983 ||| READING scroll labelled YZORUB KINEHA.
  9137 | Lair:1   | Entered Level 1 of the Lair of Beasts
  9137 | Lair:1   | Noticed a cane toad
  9138 | Lair:1   | 9138 ||| INVOKING Heroism.
  9141 | Lair:1   | Killed a cane toad
  9146 | Lair:1   | Noticed a cane toad
  9154 | Lair:1   | Killed a cane toad
  9252 | Lair:1   | 9252 ||| INVOKING Heroism.
  9274 | Lair:1   | 9274 ||| INVOKING Heroism.
  9567 | Lair:1   | Noticed a fire dragon
  9568 | Lair:1   | 9568 ||| INVOKING Heroism.
  9578 | Lair:1   | Killed a fire dragon
  9578 | Lair:1   | Reached **** piety under Okawaru
  9579 | Lair:1   | Reached skill level 3 in Throwing
  9579 | Lair:1   | Reached XP level 11. HP: 23/68 MP: 7/14
 10435 | Lair:2   | Found a blossoming altar of Fedhas.
 10438 | Lair:2   | Noticed an oklob plant
 10439 | Lair:2   | 10439 ||| INVOKING Heroism.
 10440 | Lair:2   | Noticed an oklob plant
 10445 | Lair:2   | Killed an oklob plant
 10450 | Lair:2   | Killed an oklob plant
 10647 | Lair:2   | 10647 ||| INVOKING Heroism.
 10721 | Lair:2   | Reached ***** piety under Okawaru
 10722 | Lair:2   | Reached skill level 6 in Invocations
 10864 | Lair:2   | Noticed a death yak
 10865 | Lair:2   | 10865 ||| INVOKING Heroism.
 10866 | Lair:2   | 10866 ||| INVOKING Finesse.
 10868 | Lair:2   | Noticed a death yak
 10869 | Lair:2   | 10869 ||| Stepping ~*~*~tactically~*~*~ (stealth).
 10872 | Lair:2   | Killed a death yak
 10939 | Lair:2   | Noticed a death yak
 10939 | Lair:2   | Noticed a death yak
 10940 | Lair:2   | 10940 ||| INVOKING Heroism.
 10941 | Lair:2   | 10941 ||| INVOKING Finesse.
 10950 | Lair:2   | Killed a death yak
 10960 | Lair:2   | Killed a death yak
 10960 | Lair:2   | Received a gift from Okawaru
 10961 | Lair:2   | Killed a death yak
 11135 | Lair:2   | 11135 ||| Stepping ~*~*~tactically~*~*~ (stealth).
 11136 | Lair:2   | 11136 ||| Stepping ~*~*~tactically~*~*~ (stealth).
 11151 | Lair:2   | 11151 ||| Stepping ~*~*~tactically~*~*~ (stealth).
 11278 | Lair:2   | 11278 ||| Stepping ~*~*~tactically~*~*~ (stealth).
 11280 | Lair:2   | 11280 ||| INVOKING Heroism.
 11287 | Lair:2   | Reached XP level 12. HP: 75/75 MP: 12/18
 11406 | Lair:2   | Reached skill level 9 in Fighting
 11436 | Lair:2   | 11436 ||| INVOKING Heroism.
 11453 | Lair:2   | Received a gift from Okawaru
 11552 | Lair:2   | 11552 ||| SWAPPING to +0 vorpal broad axe.
 11553 | Lair:2   | 11553 ||| DROPPING +2 spectral war axe.
 11554 | Lair:2   | 11554 ||| READING scroll of brand weapon.
 11554 | Lair:2   | 11554 ||| BRANDING +0 vorpal broad axe.
 11555 | Lair:2   | 11555 ||| DROPPING +0 morningstar.
 11648 | Lair:2   | 11648 ||| INVOKING Heroism.
 11901 | Lair:2   | 11901 ||| READING scroll of enchant armour.
 11901 | Lair:2   | 11901 ||| ENCHANTING +1 hat.
 11950 | Lair:2   | 11950 ||| FLEEEEING.
 11951 | Lair:2   | 11951 ||| FLEEEEING.
 11957 | Lair:2   | 11957 ||| FLEEEEING.
 11958 | Lair:2   | 11958 ||| FLEEEEING.
 11959 | Lair:2   | 11959 ||| FLEEEEING.
 11960 | Lair:2   | 11960 ||| FLEEEEING.
 11961 | Lair:2   | 11961 ||| FLEEEEING.
 11962 | Lair:2   | 11962 ||| FLEEEEING.
 11963 | Lair:2   | 11963 ||| FLEEEEING.
 11966 | Lair:2   | 11966 ||| INVOKING Heroism.
 11977 | Lair:2   | Reached skill level 6 in Armour
 11977 | Lair:2   | Reached skill level 9 in Invocations
 12208 | Lair:2   | Found a hole to the Spider Nest.
 12470 | Lair:2   | 12470 ||| DROPPING ring of positive energy.
 12670 | Lair:3   | 12670 ||| Stepping ~*~*~tactically~*~*~ (stealth).
 12672 | Lair:3   | 12672 ||| Stepping ~*~*~tactically~*~*~ (stealth).
 12674 | Lair:3   | 12674 ||| INVOKING Heroism.
 12809 | Lair:3   | Noticed an eight-headed hydra
 12809 | Lair:3   | Noticed an eight-headed hydra
 12811 | Lair:3   | 12811 ||| INVOKING Heroism.
 12815 | Lair:3   | Killed a four-headed hydra
 12815 | Lair:3   | Killed a five-headed hydra
 13070 | Lair:3   | Found a staircase to the Swamp.
 13130 | Lair:3   | 13130 ||| INVOKING Heroism.
 13269 | Lair:3   | 13269 ||| INVOKING Heroism.
 13324 | Lair:3   | 13324 ||| INVOKING Heroism.
 13423 | Lair:3   | 13423 ||| Stepping ~*~*~tactically~*~*~ (stealth).
 13426 | Lair:3   | 13426 ||| Stepping ~*~*~tactically~*~*~ (stealth).
 13450 | Lair:3   | Reached skill level 12 in Axes
 13531 | Lair:3   | 13531 ||| INVOKING Heroism.
 13640 | Lair:3   | 13640 ||| Stepping ~*~*~tactically~*~*~ (stealth).
 13781 | Lair:3   | Reached ****** piety under Okawaru
 13991 | Lair:3   | 13991 ||| INVOKING Heroism.
 13995 | Lair:3   | 13995 ||| Stepping ~*~*~tactically~*~*~ (stealth).
 14036 | Lair:3   | 14036 ||| INVOKING Heroism.
 14038 | Lair:3   | 14038 ||| Stepping ~*~*~tactically~*~*~ (stealth).
 14042 | Lair:3   | Identified the +11 mace of Exceptional Guilt {protect,
                  | +Blink rElec} (Okawaru gifted it to you on level 3 of the
                  | Lair of Beasts)
 14042 | Lair:3   | Received a gift from Okawaru
 14045 | Lair:3   | 14045 ||| Stepping ~*~*~tactically~*~*~ (stealth).
 14049 | Lair:3   | Reached XP level 13. HP: 75/82 MP: 10/20
 14467 | Lair:3   | 14467 ||| Stepping ~*~*~tactically~*~*~ (hiding).
 14533 | Lair:3   | 14533 ||| INVOKING Heroism.
 14671 | Lair:3   | Found the +6 arbalest "Damnation" {damnation}
 14674 | Lair:3   | 14674 ||| INVOKING Heroism.
 14842 | Lair:3   | Identified the +4 spear "Fairghes" {vorpal, rElec}
 14844 | Lair:3   | Identified the +0 scale mail of the Fifty Ghosts {rPois
                  | Str+3 Slay+3}
 14886 | Lair:3   | 14886 ||| INVOKING Heroism.
 14892 | Lair:3   | Received a gift from Okawaru
 15077 | Lair:3   | 15077 ||| INVOKING Heroism.
 15175 | Lair:3   | 15175 ||| INVOKING Heroism.
 15179 | Lair:3   | 15179 ||| Stepping ~*~*~tactically~*~*~ (stealth).
 15180 | Lair:3   | 15180 ||| Stepping ~*~*~tactically~*~*~ (stealth).
 15185 | Lair:3   | Received a gift from Okawaru
 15235 | Lair:3   | Noticed a dire elephant
 15236 | Lair:3   | 15236 ||| INVOKING Heroism.
 15242 | Lair:3   | Killed a dire elephant
 15331 | Lair:3   | Identified the +8 plate armour "Plog" {Contam Will+ Dex+4}
 15333 | Lair:3   | Identified the ring "Hiko Ocs" {Wiz Stlth+}
 15548 | Lair:3   | 15548 ||| DROPPING +0 plate armour.
 15549 | Lair:3   | 15549 ||| UPGRADING to +0 pair of boots.
 15554 | Lair:3   | 15554 ||| DROPPING +0 chain mail of cold resistance.
 15555 | Lair:3   | 15555 ||| UPGRADING to +8 plate armour "Plog" {Contam Will+
                  | Dex+4}.
 15565 | Lair:3   | 15565 ||| DROPPING +3 chain mail of a ziggurat {Fly rN+
                  | Will+ Int+3}.
 15566 | Lair:3   | 15566 ||| DROPPING ring "Hiko Ocs" {Wiz Stlth+}.
 15567 | Lair:3   | 15567 ||| READING scroll labelled JIASIO REAZITO.
 15691 | Lair:4   | 15691 ||| INVOKING Heroism.
 15925 | Lair:4   | 15925 ||| INVOKING Heroism.
 15943 | Lair:4   | Received a gift from Okawaru
 16259 | Lair:4   | 16259 ||| Stepping ~*~*~tactically~*~*~ (stealth).
 16281 | Lair:4   | Found a viscous altar of Jiyva.
 16281 | Lair:4   | Found a staircase to the Slime Pits.
 16584 | Lair:4   | Reached skill level 9 in Armour
 16708 | Lair:4   | 16708 ||| INVOKING Heroism.
 17008 | Lair:4   | 17008 ||| INVOKING Heroism.
 17017 | Lair:4   | Reached skill level 3 in Dodging
 17045 | Lair:4   | 17045 ||| READING scroll of enchant weapon.
 17045 | Lair:4   | 17045 ||| ENCHANTING +0 broad axe of flaming.
 17242 | Lair:5   | Entered Level 5 of the Lair of Beasts
 17243 | Lair:5   | 17243 ||| INVOKING Heroism.
 17245 | Lair:5   | 17245 ||| STAIRDANCE
 17286 | Lair:5   | 17286 ||| INVOKING Heroism.
 17557 | Lair:5   | 17557 ||| INVOKING Heroism.
 17704 | Lair:5   | 17704 ||| INVOKING Heroism.
 17821 | Lair:5   | 17821 ||| READING scroll of brand weapon.
 17821 | Lair:5   | 17821 ||| BRANDING +1 broad axe of flaming.
 18012 | Lair:5   | 18012 ||| INVOKING Heroism.
 18013 | Lair:5   | 18013 ||| INVOKING Finesse.
 18014 | Lair:5   | 18014 ||| Stepping ~*~*~tactically~*~*~ (stealth).
 18023 | Lair:5   | Gained mutation: Your large and strong wings let you fly.
                  | [Gargoyle growth]
 18023 | Lair:5   | Reached XP level 14. HP: 88/88 MP: 8/21
 18169 | Lair:5   | 18169 ||| INVOKING Heroism.
 18186 | Lair:5   | Received a gift from Okawaru
 18302 | Lair:5   | 18302 ||| Stepping ~*~*~tactically~*~*~ (stealth).
 18348 | Lair:5   | 18348 ||| Stepping ~*~*~tactically~*~*~ (stealth).
 18479 | Lair:5   | 18479 ||| Stepping ~*~*~tactically~*~*~ (stealth).
 18485 | Lair:5   | 18485 ||| INVOKING Heroism.
 18503 | Lair:5   | Identified the +2 helmet "Gyel" {Int+3 Dex+7} (Okawaru
                  | gifted it to you on level 5 of the Lair of Beasts)
 18503 | Lair:5   | Received a gift from Okawaru
 18595 | Lair:5   | 18595 ||| Stepping ~*~*~tactically~*~*~ (stealth).
 18877 | Lair:5   | 18877 ||| Stepping ~*~*~tactically~*~*~ (stealth).
 18914 | Lair:5   | 18914 ||| Stepping ~*~*~tactically~*~*~ (hiding).
 18919 | Abyss:2  | Cast into level 2 of the Abyss (spriggan)
 18938 | Abyss:2  | Found a corrupted altar of Lugonu.
 18956 | Abyss:2  | 18956 ||| Stepping ~*~*~tactically~*~*~ (hiding).
 18959 | Abyss:2  | Found a corrupted altar of Lugonu.
 18961 | Lair:5   | Escaped the Abyss
 18962 | Lair:5   | 18962 ||| INVOKING Heroism.
 18971 | Lair:5   | 18971 ||| Stepping ~*~*~tactically~*~*~ (cloud).
 18972 | Lair:5   | 18972 ||| Stepping ~*~*~tactically~*~*~ (hiding).
 18974 | Lair:5   | 18974 ||| INVOKING Finesse.
 18994 | Lair:5   | Found a one-way gate to the infinite horrors of the Abyss.
 18995 | Lair:5   | Found a corrupted altar of Lugonu.
 18996 | Lair:5   | 18996 ||| Stepping ~*~*~tactically~*~*~ (stealth).
 19000 | Lair:5   | 19000 ||| Stepping ~*~*~tactically~*~*~ (stealth).
 19039 | Lair:5   | 19039 ||| Stepping ~*~*~tactically~*~*~ (stealth).
 19040 | Lair:5   | 19040 ||| Stepping ~*~*~tactically~*~*~ (stealth).
 19226 | Lair:5   | Identified the +7 flail of Corporal Punishment {vorpal,
                  | rElec Str+3}
 19548 | Lair:5   | 19548 ||| PLANNING D:1-11
 19548 | Lair:5   | 19548 ||| UPGRADING to +2 helmet "Gyel" {Int+3 Dex+7}.
 19558 | Lair:5   | 19558 ||| DROPPING +2 hat.
 19559 | Lair:5   | 19559 ||| READING scroll labelled PEB FIAROSTOOF.
 19673 | D:10     | Entered Level 10 of the Dungeon
 19674 | D:10     | 19674 ||| STAIRDANCE
 19692 | D:10     | 19692 ||| INVOKING Heroism.
 19757 | D:10     | Found a staircase to the Orcish Mines.
 19867 | D:10     | 19867 ||| INVOKING Heroism.
 20061 | D:10     | Found a stormy altar of Qazlal.
 20324 | D:10     | Identified the +6 hand axe "Voteeriq" {freeze, Str+4}
 20495 | D:10     | 20495 ||| Stepping ~*~*~tactically~*~*~ (stealth).
 20496 | D:10     | 20496 ||| Stepping ~*~*~tactically~*~*~ (stealth).
 20631 | D:10     | 20631 ||| UPGRADING to ring of see invisible.
 20633 | D:10     | 20633 ||| DROPPING +6 ring of dexterity.
 20652 | D:11     | Noticed Erica
 20653 | D:11     | 20653 ||| INVOKING Heroism.
 20654 | D:11     | 20654 ||| INVOKING Finesse.
 20655 | D:11     | 20655 ||| STAIRDANCE
 20663 | D:10     | Killed Erica
 20732 | D:11     | 20732 ||| STAIRDANCE
 20757 | D:11     | Reached skill level 12 in Shields
 20827 | D:11     | 20827 ||| INVOKING Heroism.
 20845 | D:11     | 20845 ||| Stepping ~*~*~tactically~*~*~ (stealth).
 20846 | D:11     | 20846 ||| Stepping ~*~*~tactically~*~*~ (stealth).
 20849 | D:11     | 20849 ||| Stepping ~*~*~tactically~*~*~ (stealth).
 20850 | D:11     | 20850 ||| Stepping ~*~*~tactically~*~*~ (stealth).
 20984 | D:11     | 20984 ||| Stepping ~*~*~tactically~*~*~ (hiding).
 21169 | D:11     | 21169 ||| Stepping ~*~*~tactically~*~*~ (stealth).
 21173 | D:11     | 21173 ||| INVOKING Heroism.
 21236 | D:11     | 21236 ||| Stepping ~*~*~tactically~*~*~ (stealth).
 21245 | D:11     | 21245 ||| Stepping ~*~*~tactically~*~*~ (stealth).
 21249 | D:11     | 21249 ||| Stepping ~*~*~tactically~*~*~ (stealth).
 21253 | D:11     | 21253 ||| INVOKING Heroism.
 21326 | D:11     | 21326 ||| Stepping ~*~*~tactically~*~*~ (stealth).
 21335 | D:11     | 21335 ||| Stepping ~*~*~tactically~*~*~ (stealth).
 21342 | D:11     | 21342 ||| INVOKING Heroism.
 21575 | D:11     | Noticed Harold
 21593 | D:11     | Killed Harold
 21900 | D:11     | 21900 ||| READING scroll of enchant armour.
 21900 | D:11     | 21900 ||| ENCHANTING +0 pair of boots.
 21962 | D:11     | 21962 ||| PLANNING D
 21962 | D:11     | 21962 ||| DROPPING scarf of shadows.
 21963 | D:11     | 21963 ||| UPGRADING to scarf of resistance.
 21986 | D:12     | 21986 ||| PLANNING GAUNTLET
 22221 | D:12     | 22221 ||| INVOKING Heroism.
 22222 | D:12     | 22222 ||| INVOKING Finesse.
 22269 | D:12     | Reached skill level 15 in Axes
 22407 | D:12     | 22407 ||| Stepping ~*~*~tactically~*~*~ (hiding).
 22409 | D:12     | 22409 ||| Stepping ~*~*~tactically~*~*~ (hiding).
 22484 | D:12     | Found a gate leading to a gauntlet.
 22493 | Gauntlet | Entered a Gauntlet
 22493 | Gauntlet | Found a transporter.
 22503 | Gauntlet | Found a transporter.
 22517 | Gauntlet | Found a transporter.
 22522 | Gauntlet | Found a transporter.
 22545 | Gauntlet | Found a transporter.
 22558 | Gauntlet | Found a transporter.
 22570 | Gauntlet | Found a transporter.
 22582 | Gauntlet | Found a transporter.
 22588 | Gauntlet | Found a transporter.
 22607 | Gauntlet | Found a transporter.
 22619 | Gauntlet | Found a transporter.
 22636 | Gauntlet | Found a transporter.
 22653 | Gauntlet | Found a transporter.
 22655 | Gauntlet | Found a transporter.
 22682 | Gauntlet | Found a transporter.
 22682 | Gauntlet | Found a transporter.
 22706 | Gauntlet | Found a transporter.
 22708 | Gauntlet | Found a transporter.
 22911 | Gauntlet | 22911 ||| INVOKING Heroism.
 22915 | Gauntlet | 22915 ||| INVOKING Finesse.
 23050 | Gauntlet | 23050 ||| DROPPING +1 hat of willpower.
 23143 | Gauntlet | Reached XP level 15. HP: 94/94 MP: 18/22
 23212 | Gauntlet | Identified the ring "Eppexoss" {MP+9 Stlth+}
 23218 | Gauntlet | 23218 ||| DROPPING ring "Eppexoss" {MP+9 Stlth+}.
 23243 | Gauntlet | Found the +12 pair of quick blades "Gyre" and "Gimble"
                  | {protect}
 23244 | Gauntlet | 23244 ||| INVOKING Heroism.
 23351 | Gauntlet | Identified the +1 robe of the Ward {Int+7 Dex+4}
 23352 | Gauntlet | 23352 ||| DROPPING +0 hat of stealth.
 23358 | D:12     | 23358 ||| PLANNING D
 23377 | D:12     | 23377 ||| Stepping ~*~*~tactically~*~*~ (stealth).
 23505 | D:12     | 23505 ||| INVOKING Heroism.
 23933 | D:13     | 23933 ||| Stepping ~*~*~tactically~*~*~ (hiding).
 23975 | D:13     | 23975 ||| Stepping ~*~*~tactically~*~*~ (hiding).
 23987 | D:13     | Reached skill level 12 in Fighting
 24026 | D:13     | Found a portal to a secret trove of treasure.
 24144 | D:13     | 24144 ||| Stepping ~*~*~tactically~*~*~ (hiding).
 24145 | D:13     | 24145 ||| Stepping ~*~*~tactically~*~*~ (hiding).
 24149 | D:13     | 24149 ||| INVOKING Heroism.
 24152 | D:13     | 24152 ||| Stepping ~*~*~tactically~*~*~ (hiding).
 24418 | D:13     | 24418 ||| FLEEEEING.
 24419 | D:13     | 24419 ||| FLEEEEING.
 24420 | D:13     | 24420 ||| FLEEEEING.
 24421 | D:13     | 24421 ||| FLEEEEING.
 24426 | D:13     | 24426 ||| FLEEEEING.
 24427 | D:13     | 24427 ||| FLEEEEING.
 24428 | D:13     | 24428 ||| FLEEEEING.
 24434 | D:13     | 24434 ||| FLEEEEING.
 24435 | D:13     | 24435 ||| FLEEEEING.
 24436 | D:13     | 24436 ||| FLEEEEING.
 24437 | D:13     | 24437 ||| FLEEEEING.
 24444 | D:13     | 24444 ||| INVOKING Heroism.
 24452 | D:13     | Received a gift from Okawaru
 24657 | D:13     | 24657 ||| Stepping ~*~*~tactically~*~*~ (stealth).
 24658 | D:13     | 24658 ||| Stepping ~*~*~tactically~*~*~ (stealth).
 24663 | D:13     | 24663 ||| Stepping ~*~*~tactically~*~*~ (hiding).
 24798 | D:13     | Found a runed translucent gate.
 24798 | D:13     | Found a runed translucent gate.
 24798 | D:13     | Found a runed translucent gate.
 24799 | D:13     | Noticed qw's ghost (journeyman GrFi)
 25141 | D:14     | 25141 ||| INVOKING Heroism.
 25340 | D:14     | 25340 ||| INVOKING Heroism.
 25494 | D:14     | 25494 ||| Stepping ~*~*~tactically~*~*~ (stealth).
 25498 | D:14     | 25498 ||| INVOKING Heroism.
 25732 | D:14     | Received a gift from Okawaru
 25733 | D:14     | Identified the +2 arbalest "Cafitorgh" {freeze, Fly rN+}
 25831 | D:14     | Reached skill level 6 in Throwing
 25954 | D:14     | 25954 ||| INVOKING Heroism.
 25963 | D:14     | Received a gift from Okawaru
 26207 | D:14     | 26207 ||| INVOKING Heroism.
 26316 | D:14     | 26316 ||| INVOKING Heroism.
 26467 | D:14     | 26467 ||| INVOKING Heroism.
 26471 | D:14     | Received a gift from Okawaru
 26475 | Abyss:2  | Cast into level 2 of the Abyss (a wizard)
 26541 | Abyss:2  | 26541 ||| INVOKING Heroism.
 26637 | Abyss:2  | 26637 ||| DROPPING amulet of magic regeneration.
 26650 | Abyss:2  | 26650 ||| INVOKING Heroism.
 26683 | Abyss:2  | Noticed a tentacled starspawn
 26694 | Abyss:2  | Killed a tentacled starspawn
 26695 | Abyss:2  | 26695 ||| Stepping ~*~*~tactically~*~*~ (hiding).
 26696 | Abyss:2  | 26696 ||| Stepping ~*~*~tactically~*~*~ (hiding).
 26702 | Abyss:2  | 26702 ||| Stepping ~*~*~tactically~*~*~ (stealth).
 26703 | Abyss:2  | 26703 ||| Stepping ~*~*~tactically~*~*~ (stealth).
 26704 | Abyss:2  | 26704 ||| Stepping ~*~*~tactically~*~*~ (stealth).
 26705 | Abyss:2  | 26705 ||| Stepping ~*~*~tactically~*~*~ (hiding).
 26707 | Abyss:2  | 26707 ||| Stepping ~*~*~tactically~*~*~ (hiding).
 26710 | Abyss:2  | 26710 ||| INVOKING Heroism.
 26717 | Abyss:2  | Identified the +10 executioner's axe "Luzxarhe" {vorpal,
                  | rElec rC+ rCorr} (Okawaru gifted it to you on level 2 of
                  | the Abyss)
 26717 | Abyss:2  | Received a gift from Okawaru
 26742 | Abyss:2  | 26742 ||| Stepping ~*~*~tactically~*~*~ (stealth).
 26743 | Abyss:2  | 26743 ||| Stepping ~*~*~tactically~*~*~ (stealth).
 26765 | Abyss:2  | 26765 ||| Stepping ~*~*~tactically~*~*~ (stealth).
 26771 | Abyss:2  | 26771 ||| Stepping ~*~*~tactically~*~*~ (stealth).
 26772 | Abyss:2  | 26772 ||| Stepping ~*~*~tactically~*~*~ (stealth).
 26779 | Abyss:2  | HP: 20/96 [large abomination (8)]
 26780 | Abyss:2  | 26780 ||| READING 20 scrolls of teleportation.
 26781 | Abyss:2  | 26781 ||| DRINKING 6 potions of heal wounds.
 26784 | Abyss:2  | HP: 22/96 [large abomination (8)]
 26785 | Abyss:2  | 26785 ||| DRINKING 5 potions of heal wounds.
 26866 | Abyss:2  | 26866 ||| Stepping ~*~*~tactically~*~*~ (stealth).
 26867 | Abyss:2  | 26867 ||| INVOKING Heroism.
 27019 | Abyss:2  | 27019 ||| Stepping ~*~*~tactically~*~*~ (stealth).
 27020 | Abyss:2  | 27020 ||| Stepping ~*~*~tactically~*~*~ (stealth).
 27036 | Abyss:2  | Noticed a tentacled starspawn
 27042 | Abyss:2  | Killed a tentacled starspawn
 27043 | Abyss:2  | Reached skill level 12 in Armour
 27043 | Abyss:2  | Reached XP level 16. HP: 84/101 MP: 14/23
 27050 | Abyss:2  | 27050 ||| INVOKING Heroism.
 27096 | D:14     | Escaped the Abyss
 27100 | D:14     | Found a gate to the Vaults.
 27423 | D:14     | 27423 ||| UPGRADING to +0 tower shield.
 27433 | D:14     | 27433 ||| DROPPING +0 kite shield.
 27434 | D:14     | 27434 ||| READING scroll labelled ILYLYI NIOBB.
 27478 | D:15     | Entered Level 15 of the Dungeon
 27538 | D:15     | 27538 ||| Stepping ~*~*~tactically~*~*~ (hiding).
 27642 | D:15     | 27642 ||| INVOKING Heroism.
 27643 | D:15     | 27643 ||| INVOKING Finesse.
 27648 | D:15     | 27648 ||| SWAPPING to +7 flail of Corporal Punishment
                  | {vorpal, rElec Str+3}.
 27654 | D:15     | 27654 ||| SWAPPING to +1 vampiric broad axe.
 27740 | D:15     | 27740 ||| INVOKING Heroism.
 27918 | D:15     | 27918 ||| Stepping ~*~*~tactically~*~*~ (stealth).
 27924 | D:15     | 27924 ||| Stepping ~*~*~tactically~*~*~ (stealth).
 27933 | D:15     | 27933 ||| INVOKING Heroism.
 28099 | D:15     | 28099 ||| Stepping ~*~*~tactically~*~*~ (hiding).
 28110 | D:15     | 28110 ||| INVOKING Heroism.
 28156 | D:15     | Found a staircase to the Depths.
 28319 | D:15     | 28319 ||| Stepping ~*~*~tactically~*~*~ (hiding).
 28320 | D:15     | 28320 ||| Stepping ~*~*~tactically~*~*~ (hiding).
 28398 | D:15     | Found a runed translucent door.
 28451 | D:15     | Received a gift from Okawaru
 28775 | D:15     | 28775 ||| PLANNING ORC
 28775 | D:15     | 28775 ||| READING scroll labelled BUSAUB QIWYULE.
 28965 | Orc:1    | Entered Level 1 of the Orcish Mines
 29008 | Orc:1    | Found a bloodstained altar of Trog.
 29124 | Orc:2    | Entered Level 2 of the Orcish Mines
 29197 | Orc:2    | 29197 ||| Stepping ~*~*~tactically~*~*~ (stealth).
 29199 | Orc:2    | 29199 ||| INVOKING Heroism.
 29204 | Orc:2    | Received a gift from Okawaru
 29310 | Orc:2    | 29310 ||| INVOKING Heroism.
 29387 | Orc:2    | Found a staircase to the Elven Halls.
 29501 | Orc:2    | 29501 ||| INVOKING Heroism.
 29502 | Orc:2    | 29502 ||| INVOKING Finesse.
 29668 | Orc:2    | 29668 ||| INVOKING Heroism.
 29877 | Orc:2    | Found Wealiud's Antique Weapon Emporium.
 29882 | Orc:2    | 29882 ||| BUYING faintly glowing flail (238 gold).
 29882 | Orc:2    | Bought a faintly glowing flail for 238 gold pieces
 29882 | Orc:2    | Identified the +6 flail of Hatred {vorpal, Int+4} (You
                  | bought it in a shop on level 2 of the Orcish Mines)
 29882 | Orc:2    | 29882 ||| BUYING glowing flail (182 gold).
 29882 | Orc:2    | Bought a glowing flail for 182 gold pieces
 29882 | Orc:2    | 29882 ||| DROPPING +6 flail of Hatred {vorpal, Int+4}.
 29883 | Orc:2    | 29883 ||| DROPPING +2 antimagic flail.
 30039 | Orc:2    | Received a gift from Okawaru
 30088 | Orc:2    | 30088 ||| INVOKING Heroism.
 30094 | Orc:2    | 30094 ||| Stepping ~*~*~tactically~*~*~ (hiding).
 30113 | Orc:2    | Reached skill level 15 in Shields
 30205 | Orc:2    | Found Quhogh's General Store.
 30210 | Orc:2    | 30210 ||| BUYING potion of attraction (30 gold).
 30210 | Orc:2    | Bought a potion of attraction for 30 gold pieces
 30310 | Orc:2    | 30310 ||| INVOKING Heroism.
 30324 | Orc:2    | Noticed Saint Roka
 30325 | Orc:2    | 30325 ||| INVOKING Finesse.
 30358 | Orc:2    | Killed Saint Roka
 30521 | Orc:2    | 30521 ||| DROPPING +7 flail of Corporal Punishment {vorpal,
                  | rElec Str+3}.
 30526 | Orc:2    | Found Ajeil's Antique Armour Shop.
 30528 | Orc:2    | Found Jirivvyo's Antique Weapon Boutique.
 30535 | Orc:2    | 30535 ||| BUYING cloak (139 gold).
 30535 | Orc:2    | Bought a cloak for 139 gold pieces
 30593 | Orc:1    | 30593 ||| INVOKING Heroism.
 30770 | Orc:1    | 30770 ||| Stepping ~*~*~tactically~*~*~ (hiding).
 30771 | Orc:1    | 30771 ||| Stepping ~*~*~tactically~*~*~ (hiding).
 30772 | Orc:1    | 30772 ||| Stepping ~*~*~tactically~*~*~ (hiding).
 30774 | Orc:1    | 30774 ||| INVOKING Heroism.
 30928 | Orc:1    | You are sucked into a shaft and drop 1 floor!
 30992 | Orc:1    | 30992 ||| INVOKING Heroism.
 31164 | Orc:1    | 31164 ||| PLANNING SWAMP:1-3
 31353 | Swamp:1  | Entered Level 1 of the Swamp
 31410 | Swamp:1  | Noticed Gokhumny's ghost (adept GnFi)
 31414 | Swamp:1  | Found a transporter.
 31423 | Swamp:1  | Found a transporter.
 31541 | Swamp:1  | 31541 ||| INVOKING Heroism.
 31542 | Swamp:1  | Identified the +2 robe "Tuaf" {Stlth+}
 31603 | Swamp:1  | a frost giant changed into a fenstrider witch
 31603 | Swamp:1  | Noticed a fenstrider witch (glowing shapeshifter)
 31609 | Swamp:1  | a fenstrider witch changed into a shadow dragon
 31609 | Swamp:1  | Noticed a shadow dragon (glowing shapeshifter)
 31610 | Swamp:1  | a shadow dragon changed into an acid blob
 31610 | Swamp:1  | Noticed an acid blob (glowing shapeshifter)
 31616 | Swamp:1  | an acid blob changed into a titan
 31616 | Swamp:1  | Noticed a titan (glowing shapeshifter)
 31619 | Swamp:1  | a titan changed into a juggernaut
 31619 | Swamp:1  | Noticed a juggernaut (glowing shapeshifter)
 31620 | Swamp:1  | a juggernaut changed into a titan
 31620 | Swamp:1  | Noticed a titan (glowing shapeshifter)
 31621 | Swamp:1  | a titan changed into a juggernaut
 31621 | Swamp:1  | Noticed a juggernaut (glowing shapeshifter)
 31627 | Swamp:1  | a juggernaut changed into a titan
 31627 | Swamp:1  | Noticed a titan (glowing shapeshifter)
 31635 | Swamp:1  | a titan changed into an iron dragon
 31637 | Swamp:1  | an iron dragon changed into a caustic shrike
 31637 | Swamp:1  | Noticed a caustic shrike (glowing shapeshifter)
 31638 | Swamp:1  | a caustic shrike changed into a golden dragon
 31638 | Swamp:1  | Noticed a golden dragon (glowing shapeshifter)
 31645 | Swamp:1  | a golden dragon changed into an iron giant
 31645 | Swamp:1  | Noticed an iron giant (glowing shapeshifter)
 31646 | Swamp:1  | an iron giant changed into an acid blob
 31646 | Swamp:1  | Noticed an acid blob (glowing shapeshifter)
 31648 | Swamp:1  | an acid blob changed into a caustic shrike
 31648 | Swamp:1  | Noticed a caustic shrike (glowing shapeshifter)
 31650 | Swamp:1  | a caustic shrike changed into a fire giant
 31652 | Swamp:1  | a fire giant changed into a sphinx
 31652 | Swamp:1  | Noticed a sphinx (glowing shapeshifter)
 31659 | Swamp:1  | a sphinx changed into an iron giant
 31659 | Swamp:1  | Noticed an iron giant (glowing shapeshifter)
 31660 | Swamp:1  | an iron giant changed into a fire giant
 31668 | Swamp:1  | an iron troll changed into a shadow dragon
 31668 | Swamp:1  | Noticed a shadow dragon (glowing shapeshifter)
 31674 | Swamp:1  | a shadow dragon changed into an iron giant
 31674 | Swamp:1  | Noticed an iron giant (glowing shapeshifter)
 31676 | Swamp:1  | an iron giant changed into a caustic shrike
 31676 | Swamp:1  | Noticed a caustic shrike (glowing shapeshifter)
 31679 | Swamp:1  | a caustic shrike changed into an iron giant
 31679 | Swamp:1  | Noticed an iron giant (glowing shapeshifter)
 31700 | Swamp:1  | 31700 ||| INVOKING Heroism.
 31926 | Swamp:1  | 31926 ||| Stepping ~*~*~tactically~*~*~ (hiding).
 31927 | Swamp:1  | 31927 ||| INVOKING Heroism.
 31932 | Swamp:1  | Received a gift from Okawaru
 31989 | Swamp:1  | 31989 ||| INVOKING Heroism.
 31990 | Swamp:1  | 31990 ||| INVOKING Finesse.
 31992 | Swamp:1  | 31992 ||| SWAPPING to +0 morningstar.
 31998 | Swamp:1  | 31998 ||| SWAPPING to +1 vampiric broad axe.
 32230 | Swamp:1  | 32230 ||| UPGRADING to amulet of regeneration.
 32288 | Swamp:2  | 32288 ||| Stepping ~*~*~tactically~*~*~ (stealth).
 32295 | Swamp:2  | 32295 ||| INVOKING Heroism.
 32296 | Swamp:2  | 32296 ||| Stepping ~*~*~tactically~*~*~ (hiding).
 32297 | Swamp:2  | 32297 ||| Stepping ~*~*~tactically~*~*~ (hiding).
 32309 | Swamp:2  | 32309 ||| Stepping ~*~*~tactically~*~*~ (hiding).
 32310 | Swamp:2  | 32310 ||| Stepping ~*~*~tactically~*~*~ (hiding).
 32311 | Swamp:2  | 32311 ||| Stepping ~*~*~tactically~*~*~ (hiding).
 32312 | Swamp:2  | 32312 ||| SWAPPING to +0 morningstar.
 32313 | Swamp:2  | 32313 ||| INVOKING Finesse.
 32318 | Swamp:2  | 32318 ||| SWAPPING to +1 vampiric broad axe.
 32322 | Swamp:2  | 32322 ||| INVOKING Heroism.
 32335 | Swamp:2  | 32335 ||| Stepping ~*~*~tactically~*~*~ (hiding).
 32356 | Swamp:2  | 32356 ||| Stepping ~*~*~tactically~*~*~ (stealth).
 32365 | Swamp:2  | 32365 ||| Stepping ~*~*~tactically~*~*~ (stealth).
 32374 | Swamp:2  | Received a gift from Okawaru
 32375 | Swamp:2  | Reached XP level 17. HP: 106/106 MP: 2/24
 32390 | Swamp:2  | 32390 ||| Stepping ~*~*~tactically~*~*~ (stealth).
 32498 | Swamp:2  | 32498 ||| DROPPING +4 flail.
 32542 | Swamp:2  | 32542 ||| READING scroll of enchant weapon.
 32542 | Swamp:2  | 32542 ||| ENCHANTING +1 vampiric broad axe.
 32544 | Swamp:2  | 32544 ||| INVOKING Heroism.
 32751 | Swamp:2  | 32751 ||| INVOKING Heroism.
 32787 | Swamp:2  | 32787 ||| Stepping ~*~*~tactically~*~*~ (hiding).
 32793 | Swamp:2  | 32793 ||| INVOKING Heroism.
 32836 | Swamp:2  | 32836 ||| INVOKING Heroism.
 32849 | Swamp:2  | Received a gift from Okawaru
 32886 | Swamp:2  | 32886 ||| Stepping ~*~*~tactically~*~*~ (stealth).
 33130 | Swamp:2  | Noticed Mlioglotl
 33131 | Swamp:2  | 33131 ||| INVOKING Heroism.
 33132 | Swamp:2  | 33132 ||| INVOKING Finesse.
 33143 | Swamp:2  | Killed Mlioglotl
 33259 | Swamp:2  | Received a gift from Okawaru
 33507 | Swamp:3  | Noticed Donald
 33508 | Swamp:3  | 33508 ||| Stepping ~*~*~tactically~*~*~ (stealth).
 33509 | Swamp:3  | 33509 ||| INVOKING Heroism.
 33510 | Swamp:3  | 33510 ||| INVOKING Finesse.
 33521 | Swamp:3  | Killed Donald
 33555 | Swamp:3  | Received a gift from Okawaru
 33559 | Swamp:3  | 33559 ||| Stepping ~*~*~tactically~*~*~ (hiding).
 33560 | Swamp:3  | 33560 ||| Stepping ~*~*~tactically~*~*~ (hiding).
 33585 | Swamp:3  | 33585 ||| Stepping ~*~*~tactically~*~*~ (stealth).
 33586 | Swamp:3  | 33586 ||| Stepping ~*~*~tactically~*~*~ (stealth).
 33647 | Swamp:3  | 33647 ||| Stepping ~*~*~tactically~*~*~ (stealth).
 33648 | Swamp:3  | 33648 ||| INVOKING Heroism.
 33805 | Swamp:3  | 33805 ||| Stepping ~*~*~tactically~*~*~ (hiding).
 33993 | Swamp:3  | Found a hide-covered altar of Uskayaw.
 33995 | Swamp:3  | 33995 ||| Stepping ~*~*~tactically~*~*~ (hiding).
 33997 | Swamp:3  | 33997 ||| INVOKING Heroism.
 34085 | Swamp:3  | 34085 ||| Stepping ~*~*~tactically~*~*~ (stealth).
 34087 | Swamp:3  | 34087 ||| INVOKING Heroism.
 34089 | Swamp:3  | 34089 ||| SWAPPING to +0 morningstar.
 34096 | Swamp:3  | 34096 ||| Stepping ~*~*~tactically~*~*~ (stealth).
 34097 | Swamp:3  | 34097 ||| SWAPPING to +2 vampiric broad axe.
 34100 | Swamp:3  | 34100 ||| Stepping ~*~*~tactically~*~*~ (stealth).
 34118 | Swamp:3  | Received a gift from Okawaru
 34122 | Swamp:3  | 34122 ||| SWAPPING to +0 morningstar.
 34124 | Swamp:3  | 34124 ||| SWAPPING to +2 vampiric broad axe.
 34139 | Swamp:3  | 34139 ||| DROPPING +1 broad axe of venom.
 34254 | Swamp:3  | 34254 ||| PLANNING SPIDER:1-3
 34391 | Spider:1 | Entered Level 1 of the Spider Nest
 34393 | Spider:1 | 34393 ||| INVOKING Heroism.
 34649 | Spider:1 | 34649 ||| INVOKING Heroism.
 34650 | Spider:1 | 34650 ||| INVOKING Finesse.
 34687 | Spider:1 | 34687 ||| Stepping ~*~*~tactically~*~*~ (stealth).
 34699 | Spider:1 | 34699 ||| Stepping ~*~*~tactically~*~*~ (stealth).
 34701 | Spider:1 | 34701 ||| Stepping ~*~*~tactically~*~*~ (stealth).
 34724 | Spider:1 | 34724 ||| INVOKING Heroism.
 34847 | Spider:1 | 34847 ||| INVOKING Finesse.
 34849 | Spider:1 | 34849 ||| Stepping ~*~*~tactically~*~*~ (hiding).
 34916 | Spider:1 | 34916 ||| Stepping ~*~*~tactically~*~*~ (stealth).
 35046 | Spider:1 | 35046 ||| Stepping ~*~*~tactically~*~*~ (hiding).
 35047 | Spider:1 | 35047 ||| INVOKING Heroism.
 35197 | Spider:1 | 35197 ||| Stepping ~*~*~tactically~*~*~ (hiding).
 35412 | Spider:1 | 35412 ||| Stepping ~*~*~tactically~*~*~ (stealth).
 35505 | Spider:1 | Reached skill level 6 in Dodging
 35540 | Spider:1 | 35540 ||| Stepping ~*~*~tactically~*~*~ (stealth).
 35559 | Spider:1 | 35559 ||| Stepping ~*~*~tactically~*~*~ (stealth).
 35613 | Spider:1 | 35613 ||| Stepping ~*~*~tactically~*~*~ (stealth).
 35614 | Spider:1 | Identified the +4 war axe of Suutyudgh {vorpal, *Rage
                  | *Corrode rN+++ Int+9} (Okawaru gifted it to you on level 1
                  | of the Spider Nest)
 35614 | Spider:1 | Received a gift from Okawaru
 35617 | Spider:1 | 35617 ||| Stepping ~*~*~tactically~*~*~ (stealth).
 35642 | Spider:1 | 35642 ||| DROPPING +4 war axe of Suutyudgh {vorpal, *Rage
                  | *Corrode rN+++ Int+9}.
 35890 | Spider:1 | 35890 ||| Stepping ~*~*~tactically~*~*~ (stealth).
 35950 | Spider:1 | 35950 ||| INVOKING Heroism.
 36108 | Spider:1 | 36108 ||| Stepping ~*~*~tactically~*~*~ (hiding).
 36251 | Spider:1 | 36251 ||| Stepping ~*~*~tactically~*~*~ (hiding).
 36254 | Spider:1 | 36254 ||| Stepping ~*~*~tactically~*~*~ (hiding).
 36255 | Spider:1 | 36255 ||| INVOKING Finesse.
 36294 | Spider:1 | 36294 ||| READING scroll of enchant armour.
 36294 | Spider:1 | 36294 ||| ENCHANTING +1 pair of boots.
 36566 | Spider:2 | 36566 ||| Stepping ~*~*~tactically~*~*~ (hiding).
 36567 | Spider:2 | 36567 ||| Stepping ~*~*~tactically~*~*~ (stealth).
 36568 | Spider:2 | 36568 ||| Stepping ~*~*~tactically~*~*~ (hiding).
 36569 | Spider:2 | 36569 ||| INVOKING Heroism.
 36594 | Spider:2 | HP: 27/108 [broodmother (15)]
 36595 | Spider:2 | 36595 ||| READING 23 scrolls of teleportation.
 36596 | Spider:2 | 36596 ||| DRINKING 5 potions of heal wounds.
 36615 | Spider:2 | 36615 ||| DRINKING 11 potions of curing.
 36615 | Spider:2 | 36615 ||| (to cure confusion)
 36617 | Spider:2 | HP: 13/108 [wolf spider (26)]
 36618 | Spider:2 | 36618 ||| READING 22 scrolls of teleportation.
 36618 | Spider:2 | HP: 6/108 [wolf spider (8)]
 36618 | Spider:2 | Slain by a jumping spider

Levels and vault maps discovered:
D:1:      dpeg_arrival_caged_fury, layout_rooms, nrook_mini_vaults
D:2:      layout_basic, shapermc_ecumenical_altar_acropolis
D:3:      layout_loops_corners, nicolae_elyvilon_peaceful_grove
D:4:      layout_loops_ring, serial_shops, shop, gup_ossuary_entry_pyramid,
          dk_vineyard_2, kennysheep_windowed_goal
D:5:      layout_basic, lemuel_tele_altar, minmay_temple_entry_glassed_door,
          gammafunk_ghost_smash, minmay_between
D:6:      layout_loops_ring, uniq_pikel
D:7:      layout_basic, mainiacjoe_overflow_six_doors_small
D:8:      layout_rooms, nicolae_ru_awakened_eye
D:9:      gammafunk_wand_slinger, layout_long_grid, trog_book, lair_entry_dummy
D:10:     layout_stronghold, amcnicky_altar_gilded, orc_0_dummy
D:11:     layout_long_grid, serial_bayou, serial_bayou_shore_b,
          serial_bayou_shore_a, serial_bayou_shore_b, serial_bayou_pond_a,
          serial_bayou_pond_e, uniq_erica, uniq_harold
D:12:     layout_roguey [special_room_bee], gauntlet_entry_generic
D:13:     layout_loops_cross, gammafunk_ghost_spectres,
          nicolae_trove_entry_crossroad
D:14:     layout_roguey, grunt_vaults_entry_tiered, kennysheep_nub,
          minmay_hedge_maze, grunt_ogre_cave, kennysheep_generic_room_13
D:15:     gammafunk_enter_depths_forms, layout_irregular_city,
          corexii_leaking_fountain, wad_hexagon
Temple:   lightli_temple_of_artemis
Lair:1:   dragon1_lemuel, layout_small_grid
Lair:2:   layout_layer_cave, spider_nest_entry_rubble, hangedman_tree_tricks,
          hibernation_bobbens, lemuel_fruit_tree
Lair:3:   nzn_winding_woodlands_huge [nzn_winding_woodlands_5x15_longhouse,
          nzn_winding_woodlands_5x15_pool, nzn_winding_woodlands_5x15_eye,
          nzn_winding_woodlands_5x15_cabin,
          nzn_winding_woodlands_5x15_split_checker,
          nzn_winding_woodlands_5x15_crooked,
          nzn_winding_woodlands_5x15_pockets, nzn_winding_woodlands_5x15_jagged,
          nzn_winding_woodlands_5x15_sidewinder,
          nzn_winding_woodlands_5x15_zeroes,
          nzn_winding_woodlands_center_triple_pond,
          nzn_winding_woodlands_center_lodge,
          nzn_winding_woodlands_15x15_boxy_spiral], layout_regular_city,
          palyth_hydra_swamp_entry
Lair:4:   layout_cellular_growth, nicolae_slime_entry_slimehenge, worms_lemuel
Lair:5:   hellmonk_lair_end_abyssal_woods, layout_layer_cave,
          serial_bayou_lagoon_a, chequers_serial_rivers_micro_e,
          infiniplex_staircase_pool_2, serial_bayou_shore_b
Swamp:1:  layout_falls_marsh, gammafunk_ghost_abyssal_escape,
          evilmike_swamp_ruin_house_4, swamp_pool1, infiniplex_staircase_pool
Swamp:2:  layout_basic_swamp, serial_swamp_ruin, hangedman_swamp_ruin_wall,
          evilmike_swamp_ruin_house_6, uniq_mlioglotl
Swamp:3:  layout_basic_swamp, basic_altar, uniq_donald
Spider:1: nicolae_spider_hilbert_zone_3 [nicolae_spider_hilbert_4_sides_2_open,
          nicolae_spider_hilbert_3_sides_1_open,
          nicolae_spider_hilbert_3_sides_1_open,
          nicolae_spider_hilbert_3_sides_1_open,
          nicolae_spider_hilbert_3_sides_1_open,
          nicolae_spider_hilbert_4_sides_1_open,
          nicolae_spider_hilbert_4_sides_1_open,
          nicolae_spider_hilbert_4_sides_1_open,
          nicolae_spider_hilbert_4_sides_1_open,
          nicolae_spider_hilbert_4_sides_1_open,
          nicolae_spider_hilbert_4_sides_1_open,
          nicolae_spider_hilbert_4_sides_1_open,
          nicolae_spider_hilbert_4_sides_1_open,
          nicolae_spider_hilbert_3_sides_1_open,
          nicolae_spider_hilbert_3_sides_1_open,
          nicolae_spider_hilbert_3_sides_1_open,
          nicolae_spider_hilbert_3_sides_1_open]
Spider:2: layout_spider_delve, drop_trap
Orc:1:    layout_caves, nicolae_orc_lava_tube, trog_butcher_becter
Orc:2:    grunt_orc_community_town_hall, layout_diamond_mine,
          grunt_orc_community_big_house_2, grunt_orc_community_big_house_2,
          grunt_orc_community_house_3, grunt_orc_community_house_3,
          grunt_orc_community_house_1, grunt_orc_community_house_2

Skill      XL: |  1  2  3  4  5  6  7  8  9 10 11 12 13 14 15 16 17 |
---------------+----------------------------------------------------+-----
Axes           | 2 3 4 5 6 8 9 10 11 12 13 15 16 17 | 17.7
Fighting       | 4 5 6 8 10 11 12 13 | 13.0
Shields        | 5 6 7 8 9 10 11 12 16 17 | 17.4
Throwing       | 1 2 3 4 5 6 7 |  7.0
Dodging        | 1 2 3 4 5 6 |  6.0
Invocations    | 4 8 10 | 10.0
Armour         | 4 5 6 9 10 12 | 12.0

Action                   |  1- 3 |  4- 6 |  7- 9 | 10-12 | 13-15 | 16-18 || total
-------------------------+-------+-------+-------+-------+-------+-------++-------
Melee: War axe           |   130 |    52 |   126 |   169 |       |       ||   477
       Broad axe         |       |       |       |   182 |  1128 |   882 ||  2192
       Morningstar       |       |       |       |       |       |    12 ||    12
       Flail             |       |       |       |       |       |     3 ||     3
Throw: Boomerang         |       |    45 |    38 |     5 |     8 |    12 ||   108
       Javelin           |       |       |    30 |    46 |    50 |    94 ||   220
Invok: Heroism           |       |       |     5 |    23 |    42 |    35 ||   105
       Finesse           |       |       |       |     2 |     5 |    10 ||    17
  Use: Scroll            |     5 |     4 |     8 |     6 |     6 |     6 ||    35
       Potion            |     1 |     3 |     3 |       |     2 |     2 ||    11
 Stab: Distracted        |       |       |     2 |     1 |     2 |     1 ||     6
       Confused          |       |       |       |     4 |       |       ||     4
       Paralysed         |       |       |       |       |     1 |       ||     1
Armor: Scale mail        |    21 |       |       |       |       |       ||    21
       Plate armour      |    48 |    13 |       |       |   481 |   468 ||  1010
       Chain mail        |       |    13 |    70 |   161 |    41 |       ||   285
Dodge: Dodged            |    49 |     6 |    25 |    93 |   273 |   238 ||   684
Block: Buckler           |    23 |     2 |       |       |       |       ||    25
       Kite shield       |       |     3 |    46 |   173 |   595 |    63 ||   880
       Tower shield      |       |       |       |       |       |   752 ||   752

Table legend:
 A = Non-vault XP
 B = Vault XP
 C = Vault XP percentage of total XP
 D = Non-vault monster count
 E = Vault monster count
 F = Vault count percentage of total count
                 A         B        C        D         E       F
            +---------+---------+-------+---------+---------+-------
      Total |  155759 |   84720 |  35.2 |     630 |     290 |  31.5
            +---------+---------+-------+---------+---------+-------
        D:1 |      32 |       0 |   0.0 |      18 |       0 |   0.0
        D:2 |      41 |       0 |   0.0 |      26 |       0 |   0.0
        D:3 |     205 |       2 |   1.0 |      16 |       1 |   5.9
        D:4 |     804 |      18 |   2.2 |      30 |       1 |   3.2
        D:5 |     502 |      51 |   9.2 |      12 |       4 |  25.0
        D:6 |    1096 |     651 |  37.3 |      15 |       1 |   6.2
        D:7 |     786 |       0 |   0.0 |      18 |       0 |   0.0
        D:8 |    1198 |       0 |   0.0 |      16 |       0 |   0.0
        D:9 |    1390 |       0 |   0.0 |      23 |       0 |   0.0
       D:10 |    2259 |     836 |  27.0 |      20 |       1 |   4.8
       D:11 |    5962 |     881 |  12.9 |      22 |       1 |   4.3
       D:12 |    6554 |    2514 |  27.7 |      13 |      26 |  66.7
       D:13 |    8247 |       0 |   0.0 |      22 |       0 |   0.0
       D:14 |    9948 |   11763 |  54.2 |      28 |      28 |  50.0
       D:15 |    7699 |    7286 |  48.6 |      19 |      12 |  38.7
     Lair:1 |    2386 |     902 |  27.4 |       9 |       1 |  10.0
     Lair:2 |    9424 |    1568 |  14.3 |      34 |       4 |  10.5
     Lair:3 |    6491 |   14204 |  68.6 |      30 |      38 |  55.9
     Lair:4 |    6247 |    1455 |  18.9 |      23 |      12 |  34.3
     Lair:5 |    9028 |   11475 |  56.0 |      25 |      42 |  62.7
    Swamp:1 |    6754 |       0 |   0.0 |      13 |       0 |   0.0
    Swamp:2 |   15732 |    1734 |   9.9 |      35 |       1 |   2.8
    Swamp:3 |   12107 |    1260 |   9.4 |      23 |       1 |   4.2
   Spider:1 |   11499 |   12635 |  52.4 |      36 |      19 |  34.5
   Spider:2 |    9545 |       0 |   0.0 |      22 |       0 |   0.0
      Orc:1 |    1880 |     338 |  15.2 |      25 |       4 |  13.8
      Orc:2 |    2237 |   10403 |  82.3 |       9 |      68 |  88.3
    Abyss:2 |   15706 |       0 |   0.0 |      48 |       0 |   0.0
    Ossuary |       0 |     152 | 100.0 |       0 |      16 | 100.0
   Gauntlet |       0 |    4592 | 100.0 |       0 |       9 | 100.0
            +---------+---------+-------+---------+---------+-------
